 Dungeon Crawl Stone Soup version 0.30.1-11-g7821555f0a (webtiles) character file.

Game seed: 11384075065694977820

446 porpoise the Shooter (level 7, -4/55 HPs)
             Began as a Barachi Hunter on Dec 31, 2023.
             Was an Initiate of Hepliaklqana.
             Slain by a gnoll
             ... wielding a +0 halberd
             ... led by a gnoll bouda
              (12 damage)
             ... on level 4 of the Dungeon.
             The game lasted 00:07:33 (2384 turns).

porpoise the Shooter (Barachi Hunter)               Turns: 2384, Time: 00:07:34

Health: -4/55      AC:  7    Str: 13    XL:     7   Next: 3%
Magic:  7/7        EV: 12    Int:  9    God:    Hepliaklqana [......]
Gold:   172        SH:  0    Dex: 17    Spells: 6/6 levels left

rFire   . . .        b - +1 hand crossbow (heavy)
rCold   . . .        (no shield)
rNeg    . . .        c - +0 leather armour
rPois   .            (no helmet)
rElec   .            (no cloak)
rCorr   .            (no gloves)
SInv    .            (no boots)
Will    .....        (no amulet)
Stlth   ++           l - +4 ring of protection
HPRegen 0.29/turn    (no ring)
MPRegen 0.10/turn

%: no passive effects
@: slow
A: amphibious, slowness 1, strong legs 1, +LOS
a: Hop, Renounce Religion


You were on level 4 of the Dungeon.
You worshipped Hepliaklqana.
Hepliaklqana was noncommittal.
You visited 1 branch of the dungeon, and saw 4 of its levels.

You collected 172 gold pieces.

Inventory:

Hand Weapons
 a - a +0 shortbow
 b - a +1 heavy hand crossbow (weapon)
Missiles
 k - 8 poisoned darts
Armour
 c - a +0 leather armour (worn)
Jewellery
 j - a ring of protection from cold
 l - a +4 ring of protection (left hand)
Scrolls
 h - a scroll of amnesia {unknown}
 m - a scroll of butterflies {unknown}
 n - a scroll of noise {unknown}
 w - 2 scrolls of immolation
Potions
 d - a potion of attraction
 e - 2 potions of might
 f - 3 potions of mutation
 g - a potion of heal wounds {unknown}
 i - a potion of curing {unknown}


   Skills:
 + Level 4.8 Fighting
 * Level 6.4 Ranged Weapons
 + Level 3.8 Armour
 - Level 2.1 Dodging
 - Level 0.8 Stealth


You had 6 spell levels left.
You didn't know any spells.
Your spell library contained the following spells:

 Spells                   Type           Power      Damage    Failure   Level
 Ensorcelled Hibernation  Hex/Ice        0%         N/A       58%         2
 Passwall                 Tmut/Erth      0%         N/A       58%         2
 Dazzling Flash           Conj/Hex       0%         N/A       83%         3
 Swiftness                Air            0%         N/A       83%         3
 Anguish                  Hex/Necr       0%         N/A       99%         4
 Cause Fear               Hex            0%         N/A       99%         4
 Agony                    Necr           0%         N/A       100%        5
 Silence                  Hex/Air        0%         N/A       100%        5
 Enfeeble                 Hex            0%         N/A       100%        7


Dungeon Overview and Level Annotations

Branches:
Dungeon (4/15)
 Temple: D:4-7

Altars:
Hepliaklqana
Qazlal

Shops:
D:1 [


Innate Abilities, Weirdness & Mutations

You are amphibious.
You cover ground slowly.
You can hop short distances.
You have an extended range of vision and can be seen from far away.


Message History

You shoot a bolt. The bolt closely misses the gnoll.
The bolt barely misses the gnoll.
You shoot a bolt. The bolt closely misses the gnoll. x2
A gnoll comes into view. It is wielding a +0 flail.
You shoot a bolt. The gnoll shouts!
The bolt hits the gnoll!
The gnoll is severely wounded.
The gnoll hits you with a +0 flail. The gnoll barely misses you.
The gnoll hits you from afar with a +0 halberd!
You shoot a bolt. The bolt closely misses the gnoll. x2
The bolt barely misses the gnoll.
The gnoll completely misses you. The gnoll hits you but does no damage.
The gnoll hits you with a +0 flail! The gnoll barely misses you.
The gnoll hits you but does no damage. The gnoll hits you with a +0 flail!
You shoot a bolt. The bolt barely misses the gnoll.
The bolt closely misses the gnoll.
The bolt hits the gnoll!
The gnoll is almost dead.
The gnoll hits you from afar with a +0 halberd.
The gnoll misses you. The gnoll hits you but does no damage.
The gnoll misses you.
You are too injured to fight recklessly!
Fire: b) +1 hand crossbow (heavy)
Press: ? - help, Q - select action, (/) - cycle Shift-Dir - straight line, f - gnoll, p - gnoll
Aim: a gnoll, wielding a +0 halberd (70% to hit)
You shoot a bolt. The bolt hits the gnoll.
The gnoll is almost dead.
The gnoll barely misses you. The gnoll closely misses you.
The gnoll hits you with a +0 flail.
The gnoll hits you from afar with a +0 halberd!
Fire: b) +1 hand crossbow (heavy)
Press: ? - help, Q - select action, (/) - cycle Shift-Dir - straight line, f/p - gnoll
Aim: a gnoll, wielding a +0 halberd (70% to hit)
You shoot a bolt. The bolt hits the gnoll.
You kill the gnoll!
The gnoll barely misses you. The gnoll hits you but does no damage.
The gnoll misses you. The gnoll hits you with a +0 flail!
* * * LOW HITPOINT WARNING * * *
The gnoll hits you from afar with a +0 halberd!
You die...

.##.#
#####.......#
#.##......#
#.#
.........####
#..........
##.
.#######.#
.........###
# #.#
#######..#
#.# ..# #.##
#..# #
##.##.######
#.@gg...)).
####.###### #


You could see 2 gnolls.

Vanquished Creatures
  A black bear (D:4)
  An ogre (D:4)
  An orc priest (D:4)
  A gnoll bouda (D:4)
  An iguana (D:4)
  An orc wizard (D:4)
  6 adders
  2 gnolls (D:4)
  4 worms (D:2)
  A dart slug (D:3)
  9 orcs
  6 bats
  9 endoplasms
  3 giant cockroaches
  9 goblins
  3 hobgoblins
  2 jackals (D:4)
  5 quokkas
  4 ball pythons
  4 frilled lizards
  3 kobolds (D:4)
  9 rats
85 creatures vanquished.

Vanquished Creatures (others)
  An orc (D:4)
1 creature vanquished.

Grand Total: 86 creatures vanquished

Notes
Turn   | Place    | Note
-------+----------+-------------------------------------------
     0 | D:1      | porpoise the Barachi Hunter began the quest for the Orb.
     0 | D:1      | Reached XP level 1. HP: 17/17 MP: 1/1
   146 | D:1      | Reached XP level 2. HP: 23/23 MP: 2/2
   163 | D:1      | Found Dimew's Antique Armour Emporium.
   206 | D:1      | Reached skill level 1 in Armour
   487 | D:1      | Reached XP level 3. HP: 28/28 MP: 3/3
   570 | D:1      | Found a faded altar of an unknown god.
   570 | D:1      | Noticed a smoke demon
  1111 | D:2      | Reached XP level 4. HP: 35/35 MP: 4/4
  1430 | D:2      | Reached skill level 5 in Ranged Weapons
  1573 | D:3      | Identified a scroll of acquirement
  1573 | D:3      | Acquired a +1 heavy hand crossbow
  1652 | D:3      | You fall into a shaft and drop 1 floor!
  1700 | D:4      | Noticed a black bear
  1701 | D:4      | Killed a black bear
  1702 | D:4      | Reached XP level 5. HP: 42/42 MP: 5/5
  1752 | D:4      | Reached XP level 6. HP: 22/48 MP: 6/6
  2025 | D:4      | Reached skill level 6 in Ranged Weapons
  2095 | D:4      | Found a stormy altar of Qazlal.
  2127 | D:4      | Found a hazy altar of Hepliaklqana.
  2140 | D:4      | Became a worshipper of Hepliaklqana the Forgotten
  2378 | D:4      | Reached XP level 7. HP: 55/55 MP: 7/7
  2384 | D:4      | Slain by a gnoll

Illustrated notes

Levels and vault maps discovered:
D:1:      dpeg_arrival_leaves_temple_mockup, layout_basic,
          dreamdust_ecumenical_altar_sealed_demon, serial_shops, shop,
          nrook_mini_backslash, minmay_misc_feat_ornament
D:2:      layout_basic
D:3:      layout_rooms, biasface_ghost_orc_armoury, portal_sewer_entry_b
D:4:      layout_loops_ring, makhleb_altar_promises_db,
          mainiacjoe_overflow_catwalk, mainiacjoe_overflow_boulevard,
          minmay_bent

Skill      XL: |  1  2  3  4  5  6 |
---------------+-------------------+-----
Armour         | 1 2 3 |  3.8
Fighting       | 3 4 |  4.8
Ranged Weapons | 5 6 |  6.4
Dodging        | |  2.1
Stealth        | |  0.8

Action                     |  1- 3 |  4- 6 |  7- 9 || total
---------------------------+-------+-------+-------++-------
   Fire: Shortbow          |   102 |    61 |       ||   163
         Hand crossbow     |       |    41 |     7 ||    48
    Use: Scroll            |     3 |     2 |       ||     5
 Armour: Leather armour    |    11 |    13 |     4 ||    28
  Dodge: Dodged            |    13 |    37 |     9 ||    59
